 Dungeon Crawl Stone Soup version 0.30.1-11-g7821555f0a (webtiles) character file.

Game seed: 16447426378226658435

2011 RancidPinata the Covert (level 9, -6/62 HPs)
             Began as an Octopode Delver on Dec 23, 2023.
             Mangled by a yak (12 damage)
             ... on level 6 of the Dungeon.
             The game lasted 00:18:27 (5653 turns).

RancidPinata the Covert (Octopode Delver)           Turns: 5653, Time: 00:18:27

Health: -6/62      AC:  8    Str: 13    XL:     9   Next: 22%
Magic:  9/9        EV: 15    Int: 12    God:
Gold:   243        SH:  0    Dex: 16    Spells: 7/8 levels left

rFire   . . .        e - +0 halberd (protect)
rCold   . . .        (shield currently unavailable)
rNeg    . . .        (helmet restricted)
rPois   .            (no amulet)
rElec   .            m - ring of wizardry
rCorr   .            (no ring)
SInv    .            (no ring)
Will    .....        (no ring)
Stlth   ++++++       (no ring)
HPRegen 0.30/turn    (no ring)
MPRegen 0.11/turn    (no ring)
                     (no ring)

%: wizardry (x1)
@: under a protective aura
A: almost no armour, amphibious, 8 rings, camouflage 1, gelatinous body 1,
(nimble swimmer 1), tentacles
a: no special abilities


You were on level 6 of the Dungeon.
You visited 1 branch of the dungeon, and saw 6 of its levels.

You collected 243 gold pieces.

Inventory:

Hand Weapons
 a - a +0 short sword
 e - a +0 halberd of protection (weapon)
 F - a +2 dagger of draining
Missiles
 r - 53 stones (quivered)
 s - 2 poisoned darts
 E - 2 boomerangs
Jewellery
 m - a ring of wizardry (left tentacle)
 p - an amulet of faith
 t - an amulet of regeneration
 u - a +6 ring of intelligence
Wands
 f - a wand of digging (3)
 l - a wand of paralysis (12)
 y - a wand of flame (13)
Scrolls
 b - 3 scrolls of fog
 c - a scroll of magic mapping
 d - a scroll of fear
 g - 4 scrolls of identify {unknown}
 h - a scroll of noise {unknown}
 o - a scroll of torment {unknown}
 q - 2 scrolls of enchant weapon {unknown}
 w - a scroll of teleportation {unknown}
 x - a scroll of blinking {unknown}
 G - a scroll of summoning {unknown}
 H - a scroll of enchant armour {unknown}
Potions
 i - 2 potions of brilliance {unknown}
 j - 3 potions of curing
 k - 2 potions of heal wounds {unknown}
 n - a potion of magic {unknown}
 v - a potion of cancellation {unknown}
 z - a potion of attraction {unknown}
 A - 2 potions of degeneration {unknown}
 B - a potion of ambrosia {unknown}
 C - a potion of lignification {unknown}
 D - a potion of mutation {unknown}


   Skills:
 * Level 5.9 Fighting
 - Level 6.5 Short Blades
 * Level 2.1 Polearms
 + Level 5.0 Dodging
 * Level 11.6 Stealth


You had 7 spell levels left.
You knew the following spells:

 Your Spells              Type           Power      Damage    Failure   Level
a - Magic Dart            Conj           0%         1d3       13%         1

Your spell library contained the following spells:

 Spells                   Type           Power      Damage    Failure   Level
 Beastly Appendage        Tmut           0%         N/A       13%         1
 Call Imp                 Summ           0%         N/A       21%         2
 Wereblood                Tmut           0%         N/A       21%         2
 Mephitic Cloud           Conj/Pois/Air  0%         N/A       36%         3
 Spider Form              Tmut/Pois      0%         N/A       36%         3
 Fireball                 Conj/Fire      0%         3d3       97%         5
 Iskenderun's Battlesphe  Conj           0%         2d6       97%         5
 Conjure Ball Lightning   Conj/Air       0%         3x3d6     100%        6
 Orb of Destruction       Conj           0%         9d5       100%        7


Dungeon Overview and Level Annotations

Branches:
Dungeon (6/15)
 Temple: D:4-7

Altars:
Elyvilon
Gozag
Qazlal
Uskayaw
Wu Jian
The Shining One

Shops:
D:6 (


Innate Abilities, Weirdness & Mutations

You cannot wear most types of armour.
You are amphibious.
You can wear up to eight rings at the same time.
Your skin changes colour to match your surroundings (Stealth+).
Your rubbery body absorbs attacks. (AC +1, EV +1)
((You are camouflaged when in or above water. (Stealth+)))
You have tentacles for arms and can constrict up to eight enemies at once.


Message History

The yak is moderately wounded.
The yak closely misses you. The yak gores you.
You slash the yak!
The yak is severely wounded.
The yak gores you.
You barely miss the yak. You squeeze the yak!
The yak is almost dead.
The yak gores you! The yak gores you.
You slash the yak!
You kill the yak!
Your Dodging skill increases to level 5!
You puncture the yak!
The yak is moderately wounded.
The yak misses you.
You hit the yak. Your squeeze misses the yak.
The yak is heavily wounded.
The yak misses you. The yak barely misses you.
You slash the yak!
The yak is heavily wounded.
The yak gores you.
You hit the yak but do no damage.
The yak is heavily wounded.
The yak gores you but does no damage. x2
You slash the yak!
The yak is almost dead.
The yak gores you!
* * * LOW HITPOINT WARNING * * *
You puncture the yak!
You kill the yak!
The yak closely misses you.
Your Polearms skill increases to level 2!
You closely miss the yak. The yak gores you.
* * * LOW HITPOINT WARNING * * *
You barely miss the yak. You squeeze the yak.
The yak is lightly wounded.
The yak misses you.
You hit the yak.
The yak is lightly wounded.
The yak gores you but does no damage. The yak gores you!
You die...

### #.#
#.#########################
#......YYY@................
#.######################..#
#.# ##.# #Y# #....## ##..
#.# #..... ##.†. #.# #....#
#.... #Y# #....####.#...∩
#Y# #.............. #.#
#..........#...


You could see 3 yaks.

Vanquished Creatures
  Maggie (D:6)
  Sigmund (D:2)
  3 yaks (D:6)
  An orc warrior (D:6)
  An ogre (D:4)
  2 phantoms
  Blork the orc (D:6)
  A bullfrog (D:6)
  2 scorpions
  A howler monkey (D:6)
  3 hounds
  3 jellies
  Jessica (D:2)
  3 iguanas
  An orc wizard (D:5)
  12 adders
  2 worms (D:2)
  2 dart slugs
  18 orcs
  3 ball pythons
  6 endoplasms
  A giant cockroach (D:4)
  6 goblins
  6 hobgoblins
  5 jackals
  10 kobolds
  3 quokkas
  7 bats
  2 frilled lizards
  5 rats
113 creatures vanquished.

Notes
Turn   | Place    | Note
-------+----------+-------------------------------------------
     0 | D:5      | RancidPinata the Octopode Delver began the quest for the
                  | Orb.
     0 | D:5      | Reached XP level 1. HP: 16/16 MP: 1/1
     1 | D:6      | Noticed an iguana
     1 | D:6      | Noticed an orc warrior
    50 | D:5      | Reached XP level 2. HP: 7/21 MP: 2/2
   143 | D:5      | Noticed a phantom
   226 | D:4      | Noticed an ogre
   228 | D:4      | Reached skill level 7 in Stealth
   228 | D:4      | Reached XP level 3. HP: 26/26 MP: 3/3
   235 | D:5      | Reached XP level 4. HP: 31/31 MP: 4/4
   235 | D:5      | Noticed a scorpion
   474 | D:4      | Noticed a sky beast
   501 | D:4      | Found a hide-covered altar of Uskayaw.
   627 | D:4      | Reached XP level 5. HP: 36/36 MP: 5/5
   918 | D:3      | Reached skill level 8 in Stealth
  1326 | D:3      | Found an opulent altar of Gozag.
  1327 | D:3      | Found a glowing golden altar of the Shining One.
  1329 | D:3      | Found an ornate altar of the Wu Jian Council.
  1329 | D:3      | Found a stormy altar of Qazlal.
  1423 | D:3      | Learned a level 1 spell: Magic Dart
  1651 | D:2      | Noticed Sigmund
  1713 | D:2      | Reached XP level 6. HP: 43/43 MP: 6/6
  2294 | D:2      | Killed Sigmund
  2295 | D:2      | Reached XP level 7. HP: 48/48 MP: 7/7
  2295 | D:2      | Noticed Jessica
  2300 | D:2      | Killed Jessica
  2301 | D:2      | Reached skill level 9 in Stealth
  3577 | D:5      | Found a white marble altar of Elyvilon.
  3887 | D:5      | Reached skill level 5 in Short Blades
  4084 | D:5      | Reached XP level 8. HP: 54/54 MP: 8/8
  4593 | D:6      | Noticed Blork the orc
  4773 | D:6      | Reached skill level 10 in Stealth
  4868 | D:6      | Noticed a yak
  4868 | D:6      | Noticed a yak
  4868 | D:6      | Noticed a yak
  4868 | D:6      | Noticed a yak
  4868 | D:6      | Noticed a yak
  5238 | D:6      | Noticed Maggie
  5242 | D:6      | Killed Blork the orc
  5243 | D:6      | Reached skill level 5 in Fighting
  5271 | D:6      | Killed Maggie
  5287 | D:6      | Reached skill level 11 in Stealth
  5504 | D:6      | Found Nuteur's Weapon Shoppe.
  5545 | D:6      | Noticed a yak
  5568 | D:6      | Killed a yak
  5569 | D:6      | Reached skill level 1 in Polearms
  5569 | D:6      | Reached XP level 9. HP: 49/61 MP: 9/9
  5643 | D:6      | Reached skill level 5 in Dodging
  5653 | D:6      | Mangled by a yak

Illustrated notes

Levels and vault maps discovered:
D:1:      lemuel_arrival_broad_hall, layout_basic, serial_bayou_pond_b
D:2:      layout_loops_corners, minmay_pentomino_p2, uniq_sigmund, uniq_jessica
D:3:      layout_loops_ring, chequers_temple_overflow_statue_of_worship
D:4:      layout_gridville, nicolae_uskayaw_murder_on_the_dancefloor
D:5:      layout_loops_ring, lemuel_tele_altar
D:6:      layout_basic, mainiacjoe_overflow_catch_the_wave, serial_shops,
          nicolae_shop_bloodbath_and_beyond, uniq_blork_the_orc, uniq_maggie

Skill      XL: |  1  2  3  4  5  6  7  8  9 |
---------------+----------------------------+-----
Stealth        | 7 8 9 11 | 11.6
Short Blades   | 3 4 5 6 |  6.5
Dodging        | 3 4 5 |  5.0
Fighting       | 4 5 |  5.9
Polearms       | 1 2 |  2.1

Action                     |  1- 3 |  4- 6 |  7- 9 || total
---------------------------+-------+-------+-------++-------
  Melee: Short sword       |    23 |    95 |    80 ||   198
         Constrict         |     5 |    20 |    21 ||    46
         Tentacles         |     4 |    26 |    39 ||    69
         Dagger            |       |       |    63 ||    63
         Halberd           |       |       |    32 ||    32
         Punch             |       |       |     2 ||     2
   Cast: Magic Dart        |       |       |     6 ||     6
    Use: Potion            |       |       |     2 ||     2
   Stab: Sleeping          |     1 |    24 |    20 ||    45
         Distracted        |       |     1 |       ||     1
 Armour: Skin              |       |     2 |     8 ||    10
  Dodge: Dodged            |    12 |    39 |    81 ||   132
